 Dungeon Crawl Stone Soup version 0.26.1-11-gd32895ea62 (webtiles) character file.

Game seed: 12818990538514635617

316274 Amplified the Warrior (level 19, -4/188 HPs)
             Began as a Demigod Earth Elementalist on May 17, 2021.
             Slain by a deep troll (33 damage)
             ... led by an ironheart preserver
             ... on level 2 of the Vaults on May 18, 2021.
             The game lasted 01:04:52 (46737 turns).

Amplified the Warrior (Demigod Earth Elementalist) Turns: 46737, Time: 01:04:52

Health: -4/188     AC: 24    Str: 21    XL:     19   Next: 73%
Magic:  25/25      EV: 18    Int: 19    God:
Gold:   2929       SH: 22    Dex: 20    Spells: 18/21 levels left

rFire    + . .     SeeInvis .   w - +9 morningstar (vamp)
rCold    + . .     Faith    .   X - +2 kite shield {rF+}
rNeg     + + .     Spirit   .   D - +3 ring mail of the Armadillo {*Slow rPois Slay+2}
rPois    +         Reflect  +   N - +4 helmet "Tuichay" {rF- rN+ Dex+2}
rElec    +         Harm     .   Y - +1 cloak {rCorr}
rCorr    +         Rampage  .   H - +2 pair of gloves
Will     +++..                  r - +2 pair of boots
Stlth    ++........             f - amulet of reflection
HPRegen  0.41/turn              Q - ring "Pucvele" {*Slow rC++ rN+ Slay+6}
MPRegen  0.19/turn              G - ring "Suatrekh" {Fire rElec Will++}

@: very slightly contaminated, invisible
A: agile 1, high mp 1, mutation resistance 1, weak 1
}: 2/15 runes: serpentine, barnacled
a: no special abilities


You were on level 2 of the Vaults.
You visited 6 branches of the dungeon, and saw 33 of its levels.
You also visited: Gauntlet and Ice Cave.

You collected 4341 gold pieces.
You spent 1412 gold pieces at shops.

Inventory:

Hand Weapons
 p - a +5 demon whip of pain
 w - a +9 vampiric morningstar (weapon)
 B - the +10 battleaxe of Arbitration {freeze, rPois Str+3 Int+4}
   (You took it off a naga on level 3 of the Snake Pit)

   It has been specially enchanted to freeze those struck by it, causing extra
   injury to most foes and up to half again as much damage against particularly
   susceptible opponents.
   It can also slow down cold-blooded creatures.
   It affects your strength (+3).
   It affects your intelligence (+4).
   It protects you from poison.
Missiles
 k - 713 stones
 n - 117 poisoned darts
 K - 12 curare-tipped darts (quivered)
Armour
 r - a +2 pair of boots (worn)
 C - the +0 scale mail of Zerrecikha {-Tele rElec Will+ Dex+3}
   (You found it on level 7 of the Dungeon)

   It affects your dexterity (+3).
   It insulates you from electricity.
   It affects your willpower, your defense against some magical effects.
   It prevents most forms of teleportation.
 D - the +3 ring mail of the Armadillo (worn) {*Slow rPois Slay+2}
   (You bought it in a shop on level 2 of the Orcish Mines)

   It affects your accuracy and damage with ranged weapons and melee attacks
   (+2).
   It protects you from poison.
   It may slow you when you take damage.
 H - a +2 pair of gloves (worn)
 N - the +4 helmet "Tuichay" (worn) {rF- rN+ Dex+2}
   (You found it on level 10 of the Dungeon)

   It affects your dexterity (+2).
   It makes you vulnerable to fire.
   It protects you from negative energy.
 U - a +3 ring mail of fire resistance
 W - +4 ice dragon scales
 X - a +2 kite shield of fire resistance (worn)
 Y - a +1 cloak of preservation (worn)
Jewellery
 f - an amulet of reflection (around neck)
 l - the ring "Itaburuu" {*Tele rN++ Will+++ Str-5 Int-4}
   (You took it off a minotaur in a Gauntlet)

   [ring of teleportation]

   It may teleport you next to monsters.
   It affects your strength (-5).
   It affects your intelligence (-4).
   It greatly protects you from negative energy.
   It affects your willpower, your defense against some magical effects.
 m - an uncursed ring of protection from fire
 s - an uncursed ring of protection from cold
 z - the ring "Deohoa" {+Inv rPois Str+4 SInv Stlth+}
   (You found it on level 7 of the Dungeon)

   [ring of see invisible]

   It affects your strength (+4).
   It protects you from poison.
   It lets you see invisible.
   It lets you turn invisible.
   It makes you more stealthy.
 G - the ring "Suatrekh" (right hand) {Fire rElec Will++}
   (You found it on level 8 of the Dungeon)

   [ring of fire]

   It enhances your fire magic.
   It protects you from fire.
   It makes you vulnerable to cold.
   It insulates you from electricity.
   It affects your willpower, your defense against some magical effects.
 Q - the ring "Pucvele" (left hand) {*Slow rC++ rN+ Slay+6}
   (You bought it in a shop on level 10 of the Dungeon)

   [ring of positive energy]

   It affects your accuracy and damage with ranged weapons and melee attacks
   (+6).
   It greatly protects you from cold.
   It protects you from negative energy.
   It may slow you when you take damage.
Wands
 h - a wand of disintegration (8)
 x - a wand of iceblast (15)
 M - a wand of digging (3)
 R - a wand of paralysis (10)
Scrolls
 e - 3 scrolls of magic mapping
 i - 10 scrolls of remove curse
 j - a scroll of enchant weapon
 o - 8 scrolls of amnesia
 t - 14 scrolls of teleportation
 L - a scroll of summoning
 O - 4 scrolls of fog
 Z - 9 scrolls of identify
Potions
 a - 5 potions of brilliance
 b - 2 potions of might
 c - a potion of resistance
 d - 8 potions of lignification
 g - 4 potions of attraction
 q - 6 potions of flight
 u - 6 potions of curing
 P - 4 potions of magic
 S - 2 potions of mutation
 V - 2 potions of ambrosia
Miscellaneous
 y - a phantom mirror
 E - a tin of tremorstones (inert)
 F - a condenser vane (inert)


   Skills:
 * Level 20.8 Fighting
 - Level 16.1 Maces & Flails
 - Level 1.5 Slings
 * Level 9.3 Armour
 * Level 9.5 Dodging
 - Level 1.7 Stealth
 - Level 15.1 Shields
 - Level 1.7 Spellcasting
 - Level 0.8 Transmutations
 - Level 3.3 Earth Magic
 * Level 4.9 Evocations


You had 18 spell levels left.
You knew the following spells:

 Your Spells              Type           Power        Failure   Level
a - Sandblast             Erth           28%          7%          1
b - Passwall              Tmut/Erth      7%           17%         2

Your spell library contained the following spells:

 Spells                   Type           Power        Failure   Level
 Sting                    Tmut/Pois      12%          22%         1
 Corona                   Hex            1%           26%         1
 Foxfire                  Conj/Fire      8%           26%         1
 Freeze                   Ice            4%           26%         1
 Shock                    Conj/Air       4%           26%         1
 Summon Small Mammal      Summ           4%           26%         1
 Call Imp                 Summ           1%           36%         2
 Corpse Rot               Necr/Air       N/A          36%         2
 Ensorcelled Hibernation  Hex/Ice        2%           36%         2
 Slow                     Hex            1%           36%         2
 Swiftness                Air            1%           36%         2
 Stone Arrow              Conj/Erth      16%          36%         3
 Spider Form              Tmut/Pois      1%           54%         3
 Ignite Poison            Fire/Tmut/Pois 4%           56%         3
 Call Canine Familiar     Summ           1%           61%         3
 Confusing Touch          Hex            1%           61%         3
 Conjure Flame            Conj/Fire      2%           61%         3
 Dazzling Flash           Conj/Hex       2%           61%         3
 Frozen Ramparts          Ice            2%           61%         3
 Gell's Gravitas          Tloc           0%           61%         3
 Inner Flame              Hex/Fire       2%           61%         3
 Ozocubu's Armour         Ice            1%           61%         3
 Portal Projectile        Hex/Tloc       2%           61%         3
 Static Discharge         Conj/Air       1%           61%         3
 Summon Guardian Golem    Hex/Summ       1%           61%         3
 Tukima's Dance           Hex            1%           61%         3
 Petrify                  Tmut/Erth      9%           73%         4
 Leda's Liquefaction      Hex/Erth       4%           78%         4
 Lee's Rapid Deconstruct  Erth           7%           88%         5
 Ice Form                 Ice/Tmut       3%           91%         4
 Airstrike                Air            0%           95%         4
 Cause Fear               Hex            0%           95%         4
 Hailstorm                Conj/Ice       1%           95%         4
 Passage of Golubria      Tloc           N/A          95%         4
 Sticky Flame             Conj/Fire      2%           95%         4
 Summon Ice Beast         Ice/Summ       1%           95%         4
 Summon Lightning Spire   Summ/Air       1%           95%         4
 Alistair's Intoxication  Tmut/Pois      2%           99%         5
 Bolt of Magma            Conj/Fire/Erth 4%           99%         5
 Irradiate                Conj/Tmut      1%           99%         5
 Yara's Violent Unravell  Hex/Tmut       1%           99%         5
 Fireball                 Conj/Fire      1%           100%        5
 Iskenderun's Battlesphe  Conj           1%           100%        5
 Lightning Bolt           Conj/Air       0%           100%        5
 Metabolic Englaciation   Hex/Ice        0%           100%        5
 Silence                  Hex/Air        0%           100%        5
 Freezing Cloud           Conj/Ice/Air   0%           100%        6
 Hydra Form               Tmut           2%           100%        6
 Invisibility             Hex            1%           100%        6
 Iron Shot                Conj/Erth      4%           100%        6
 Ozocubu's Refrigeration  Ice            0%           100%        6
 Simulacrum               Ice/Necr       0%           100%        6
 Starburst                Conj/Fire      1%           100%        6
 Statue Form              Tmut/Erth      6%           100%        6
 Dragon Form              Tmut           2%           100%        7
 Malign Gateway           Summ/Tloc      0%           100%        7
 Monstrous Menagerie      Summ           0%           100%        7
 Orb of Destruction       Conj           0%           100%        7
 Spellforged Servitor     Conj/Summ      0%           100%        7
 Summon Greater Demon     Summ           0%           100%        7
 Discord                  Hex            0%           100%        8
 Ignition                 Fire           1%           100%        8
 Summon Horrible Things   Summ           0%           100%        8


Dungeon Overview and Level Annotations

Branches:
Dungeon (15/15)            Temple (0/1) D:7            Lair (6/6) D:9
 Shoals (4/4) Lair:3        Snake (4/4) Lair:4        Slime (0/5) Lair:5
    Orc (2/2) D:9             Elf (0/3) Orc:2        Vaults (2/5) D:14
 Depths (0/5) D:15          IceCv (visited)         Gauntlet (visited)
  Crypt: Vaults:2-3

Shops:
D:5 =   D:7 *   D:10 =   Orc:2 (*[   Shoals:2 }   Snake:2 (*:*!   Vaults:1 }

Portals:
Trove: D:13 (give short sword "Wumoupp")

Annotations:
D:7 Endgame rings
Lair:4 1 runed translucent door, runemage's ghost, journeyman GnFi


Innate Abilities, Weirdness & Mutations

You have an increased reservoir of magic. (+10% MP)
You are agile. (Dex +2)
You are somewhat resistant to further mutation.
You are weak. (Str -2)


Message History

Unknown command.
You closely miss the deep troll. The deep troll misses you.
You block the deep troll's attack. x2
You bludgeon the deep troll!!
The deep troll is heavily wounded.
You block the deep troll's attack. x2; The deep troll barely misses you.
You block the deep troll's attack.
The deep troll claws you but does no damage.
The deep troll closely misses you.
The orc knight unwields a +1 battleaxe.
The orc knight wields a +2 arbalest of flaming.
It bursts into flame!
The orc knight shoots a bolt.
You hear a shout!
Unknown command.
The deep troll barely misses you. The deep troll claws you!!
* * * LOW HITPOINT WARNING * * *
The deep troll misses you.
Unknown command.
You block the deep troll's attack. x2; The deep troll barely misses you.
The deep troll bites you!!
You die...

..#...###..##.#'....###
..#...###..##.##...##.#
..#...##..#####....'#.#
..##......# ###'#.#..#
...###..### ##..####..# ....#####
#.....###.#
#+###########'###############
((..................(.......#
..(...))).......@T..........#####
....)).))........T..........#....
..)...)))...........p.......#....
......)((...).(.......T.....#....
########)'##'##########.....#....
# #..)))()........# #.....#.... #
#(.)#))..(......# #..o..'.... #
#.(.#.....#.#.#.# #.....##### #
#............... #.....#####


You could see an ironheart preserver, 2 deep trolls and a deep troll earth mage
(strong).

Vanquished Creatures
  Mara (Snake:3)
  Frances (D:13)
  A kraken (Shoals:4)
  Gastronok (D:9)
  Roxanne (Shoals:4)
  The ghost of Axipewex the Grappler, a journeyman OgTm of Okawaru (D:14)
  A frost giant (Shoals:4)
  8 nagarajas
  The ghost of Ficoysum the Archer, a journeyman GnWn of Zin (D:14)
  An orc warlord (Orc:2)
  A juggernaut zombie (D:15)
  9 ironheart preservers
  7 vault wardens
  The ghost of Uqorphet the Eclecticist, a journeyman DECj of Vehumet (D:14)
  A deep elf demonologist (Vaults:1)
  An entropy weaver (Gauntlet)
  A minotaur (Gauntlet)
  The ghost of Wociock the Destroyer, a journeyman DgWz (D:14)
  Azrael (D:12)
  6 merfolk javelineers
  A quicksilver dragon zombie (D:15)
  A fire dragon (Vaults:1)
  16 merfolk impalers
  2 yaktaur captains (Vaults:1)
  4 ogre magi
  8 hydras
  2 ice dragons (Vaults:2)
  Erolcha (D:11)
  4 catoblepae
  4 vault guards (Vaults:2)
  19 naga warriors
  2 centaur warriors
  2 merfolk avatars
  5 anacondas
  3 alligator snapping turtles
  5 boulder beetles
  A death knight (Vaults:2)
  4 merfolk aquamancers
  15 two-headed ogres
  4 satyrs
  A vampire mage (D:15)
  A deep troll shaman (Vaults:2)
  14 death yaks
  2 tengu warriors
  15 naga sharpshooters
  4 orc high priests (Orc:2)
  Sonja (D:12)
  13 shock serpents
  A deep elf knight (Vaults:1)
  A fire crab (Gauntlet)
  A salamander mystic (Snake:4)
  2 skeletal warriors (D:15)
  23 sea snakes
  7 naga ritualists
  An unseen horror (D:14)
  4 deep trolls (Vaults:1)
  A swamp dragon (shapeshifter) (Vaults:1)
  A phantasmal warrior (Vaults:2)
  A glowing orange brain (Vaults:2)
  3 deep elf archers
  8 harpies
  6 ironbrand convokers
  4 wizards
  A lindwurm (Lair:4)
  10 mana vipers
  7 orc knights
  2 necromancers
  21 ugly things
  4 orc sorcerers
  A wolf spider zombie (D:14)
  2 oklob plants
  26 fauns
  9 cyclopes
  5 deep elf magi
  16 manticores
  3 elephants (Lair:6)
  5 vault sentinels (Vaults:1)
  Maurice (D:9)
  10 salamanders
  12 merfolk sirens
  6 water nymphs
  5 guardian serpents
  3 ice statues (IceCv)
  38 naga magi
  38 black mambas
  5 gargoyles
  2 cane toads (shapeshifter)
  15 cane toads
  4 kobold demonologists (D:11)
  A yaktaur zombie (D:15)
  8 rime drakes
  2 komodo dragons (shapeshifter)
  A freezing wraith (Vaults:2)
  17 yaktaurs
  An efreet (D:15)
  8 komodo dragons
  2 jumping spiders (Gauntlet)
  A tengu conjurer (D:14)
  34 merfolk
  6 trolls
  A meliai (shapeshifter) (D:14)
  A queen bee (Lair:1)
  3 polar bears
  21 blink frogs
  A polar bear (shapeshifter) (D:14)
  2 wind drakes
  Grinder (D:4)
  2 dream sheep (Shoals:3)
  A spriggan zombie (D:15)
  2 hornets
  6 slime creatures
  9 snapping turtles
  A spriggan (shapeshifter) (Vaults:1)
  11 basilisks
  62 yaks
  2 fire elementals (D:12)
  7 water elementals
  12 wyverns
  3 wraiths
  4 fire bats (Gauntlet)
  3 steam dragons
  64 nagas
  4 wargs
  2 soldier ants
  3 acid dragons
  4 hell hounds (D:12)
  16 water moccasins
  An eye of draining (shapeshifter) (D:14)
  39 orc warriors
  10 ice beasts
  7 sky beasts
  2 black bears (D:7)
  2 phantoms
  19 wolves
  22 ogres
  3 boggarts (Vaults:1)
  15 centaurs
  4 big kobolds
  24 bullfrogs
  A gnoll sergeant (D:8)
  A wyvern skeleton (D:15)
  5 scorpions
  A hornet simulacrum (D:15)
  16 killer bees
  13 wights
  An orc simulacrum (Vaults:2)
  7 howler monkeys
  An electric eel (D:10)
  3 centaur zombies
  2 quasits
  2 bullfrog zombies
  6 centaur skeletons
  9 hounds
  3 jellies
  21 orc priests
  A bullfrog skeleton (D:7)
  3 iguanas
  37 orc wizards
  14 worker ants
  8 hell rats (Lair:4)
  2 hound skeletons
  2 worker ant zombies
  Robin (D:2)
  10 gnolls
  A howler monkey skeleton (D:4)
  11 adders
  2 shadow imps
  7 white imps
  4 ufetubi
  3 oozes
  2 adder skeletons
  A worm (D:3)
  2 dart slugs
  9 leopard geckos
  95 orcs
  12 bats
  4 giant cockroaches
  12 hobgoblins
  18 jackals
  22 kobolds
  6 quokkas
  2 ball pythons
  3 frilled lizards
  A giant cockroach zombie (D:6)
  10 goblins
  A leopard gecko zombie (D:5)
  A quokka zombie (D:7)
  4 rats
  2 tentacles (Shoals:4)
1397 creatures vanquished.

Vanquished Creatures (others)
  A deep elf mage (D:12)
  A naga mage (Snake:4)
  A wind drake (Shoals:4)
  An orc warrior (Orc:2)
  27 fungi
  100 plants
  10 tentacles (Shoals:4)
  5 withered plants (D:15)
146 creatures vanquished.

Grand Total: 1543 creatures vanquished

Notes
Turn   | Place    | Note
-------+----------+-------------------------------------------
     0 | D:1      | Amplified the Demigod Earth Elementalist began the quest
                  | for the Orb.
     0 | D:1      | Reached XP level 1. HP: 14/14 MP: 5/5
   420 | D:1      | Reached XP level 2. HP: 22/22 MP: 7/7
   656 | D:1      | You fall into a shaft and drop 1 floor!
   702 | D:2      | Noticed Robin
   787 | D:3      | Gained mutation: You are weak. (Str -2) [potion of
                  | mutation]
   787 | D:3      | Gained mutation: You are somewhat resistant to further
                  | mutation. [potion of mutation]
   787 | D:3      | Gained mutation: You are agile. (Dex +2) [potion of
                  | mutation]
  1312 | D:2      | Reached skill level 1 in Fighting
  1341 | D:2      | Reached XP level 3. HP: 22/28 MP: 8/8
  1405 | D:2      | Found an iron altar of Okawaru.
  1529 | D:2      | Reached skill level 1 in Armour
  1539 | D:2      | Reached skill level 1 in Slings
  1553 | D:2      | Killed Robin
  2366 | D:3      | Reached XP level 4. HP: 35/35 MP: 9/9
  3258 | D:3      | Noticed a sky beast
  3314 | D:3      | Killed a sky beast
  3315 | D:3      | Reached skill level 2 in Fighting
  3315 | D:3      | Reached skill level 1 in Maces & Flails
  3315 | D:3      | Reached XP level 5. HP: 10/42 MP: 10/10
  3711 | D:4      | Found a sparkling altar of Nemelex Xobeh.
  3825 | D:4      | Noticed Grinder
  3915 | D:4      | Paralysed by Grinder for 5 turns
  3925 | D:4      | Killed Grinder
  3926 | D:4      | Reached skill level 3 in Fighting
  3926 | D:4      | Reached XP level 6. HP: 27/51 MP: 11/11
  4518 | D:4      | Found a shadowy altar of Dithmenos.
  4526 | D:4      | Found a broken altar of Ashenzari.
  4712 | D:4      | Reached skill level 4 in Fighting
  4757 | D:4      | Reached XP level 7. HP: 58/59 MP: 12/12
  5125 | D:5      | Entered Level 5 of the Dungeon
  5498 | D:5      | Found Zoclerr's Jewellery Shop.
  5571 | D:5      | Noticed Blork the orc
  5572 | D:5      | Noticed Blork
  5572 | D:5      | Blork the orc changed into Blork the ooze
  5573 | D:5      | Killed Blork the ooze
  5956 | D:6      | Found a blossoming altar of Fedhas.
  6075 | D:6      | Reached skill level 5 in Fighting
  6476 | D:6      | Reached skill level 5 in Maces & Flails
  6985 | D:5      | Bought an uncursed ring of wizardry for 300 gold pieces
  6989 | D:5      | Learned a level 2 spell: Passwall
  7044 | D:7      | Reached XP level 8. HP: 69/70 MP: 13/13
  7135 | D:7      | Found Gozag's Platinum Reserve.
  7154 | D:7      | Reached skill level 6 in Fighting
  7422 | D:7      | Found an opulent altar of Gozag.
  7470 | D:7      | Found a staircase to the Ecumenical Temple.
  8035 | D:7      | Reached skill level 7 in Fighting
  8207 | D:7      | Got a wavering steel ring
  8239 | D:7      | Noticed a gargoyle
  8244 | D:7      | Noticed a cyclops
  8270 | D:7      | Killed a gargoyle
  8271 | D:7      | Reached XP level 9. HP: 65/80 MP: 14/14
  8293 | D:7      | Killed a cyclops
  8294 | D:7      | Reached skill level 8 in Fighting
  8300 | D:7      | Identified the +9 falchion of a treasure trove {vorpal,
                  | *Contam +Blink rPois SInv}
  8324 | D:7      | Got a crude scale mail
  8330 | D:7      | Got a crude platinum ring
  8331 | D:7      | Identified the ring "Ygen" {+Inv +Fly rF+ Str-2} (You found
                  | it on level 7 of the Dungeon)
  8333 | D:7      | Identified the ring "Deohoa" {+Inv rPois Str+4 SInv Stlth+}
                  | (You found it on level 7 of the Dungeon)
  8350 | D:7      | Identified the cursed +0 scale mail of Zerrecikha {-Tele
                  | rElec Will+ Dex+3} (You found it on level 7 of the Dungeon)
  8587 | D:8      | Found a glowing golden altar of the Shining One.
  9028 | D:8      | Reached skill level 9 in Fighting
  9116 | D:8      | Got a slimy lead ring
  9139 | D:8      | Identified the ring "Suatrekh" {Fire rElec Will++} (You
                  | found it on level 8 of the Dungeon)
  9240 | D:8      | Found a burning altar of Makhleb.
  9496 | D:9      | Reached XP level 10. HP: 76/91 MP: 15/15
  9522 | D:9      | Noticed Gastronok
  9588 | D:9      | Killed Gastronok
  9589 | D:9      | Reached skill level 10 in Fighting
  9589 | D:9      | Reached skill level 10 in Maces & Flails
  9992 | D:9      | Found a roughly hewn altar of Beogh.
  9992 | D:9      | Found a staircase to the Orcish Mines.
 10684 | D:9      | Reached skill level 11 in Fighting
 10684 | D:9      | Reached XP level 11. HP: 24/102 MP: 17/17
 11029 | D:9      | Found a staircase to the Lair.
 11138 | D:9      | Found a stormy altar of Qazlal.
 11426 | D:9      | Noticed Maurice
 11490 | D:9      | Found a hide-covered altar of Uskayaw.
 11640 | D:9      | Killed Maurice
 11711 | D:10     | Entered Level 10 of the Dungeon
 11821 | D:10     | Found Peipteji's Jewellery Shoppe.
 13362 | D:10     | Got a blackened helmet
 13373 | D:10     | Identified the +4 helmet "Tuichay" {rF- rN+ Dex+2} (You
                  | found it on level 10 of the Dungeon)
 13888 | D:11     | Reached skill level 12 in Fighting
 13922 | D:11     | Noticed Erolcha
 13929 | D:11     | Killed Erolcha
 14621 | D:12     | Noticed a boulder beetle
 14628 | D:12     | Killed a boulder beetle
 14638 | D:12     | Noticed Azrael
 14649 | D:12     | HP: 3/105 [Azrael/damnation (20)]
 14653 | D:12     | Killed Azrael
 15063 | D:12     | Noticed a two-headed ogre
 15067 | D:12     | Reached XP level 12. HP: 113/113 MP: 18/18
 15410 | D:12     | Noticed Sonja
 15416 | D:12     | Killed Sonja
 15417 | D:12     | Reached skill level 13 in Fighting
 15747 | Lair:1   | Entered Level 1 of the Lair of Beasts
 17101 | Lair:1   | Noticed Urug
 17103 | Lair:1   | Noticed Urug
 17103 | Lair:1   | Urug changed into Urug the queen bee
 17113 | Lair:1   | Killed Urug the queen bee
 17952 | Lair:2   | Noticed a five-headed hydra
 17965 | Lair:2   | Killed a five-headed hydra
 18281 | Lair:2   | Reached skill level 14 in Fighting
 18306 | Lair:2   | Reached XP level 13. HP: 65/124 MP: 19/19
 20023 | Lair:3   | Found a staircase to the Shoals.
 21069 | Lair:4   | Identified the +7 quarterstaff "Amplified's Peril" {speed,
                  | +Inv Str+3 Dex-4} (You found it on level 4 of the Lair of
                  | Beasts)
 21392 | Lair:4   | Found a shimmering altar of Xom.
 21392 | Lair:4   | Noticed runemage's ghost (journeyman GnFi)
 21393 | Lair:4   | Found a runed translucent door.
 21457 | Lair:4   | Found a staircase to the Snake Pit.
 21634 | Lair:4   | Reached skill level 15 in Maces & Flails
 21634 | Lair:4   | Reached XP level 14. HP: 133/133 MP: 20/20
 22456 | Lair:4   | Reached skill level 15 in Fighting
 22868 | Lair:5   | Found a staircase to the Slime Pits.
 22893 | Lair:5   | Found a frozen archway.
 22895 | Lair:5   | Found a gate leading to a gauntlet.
 22916 | IceCv    | Entered an ice cave
 22969 | IceCv    | Got a jewelled chain mail
 23180 | Gauntlet | Entered a Gauntlet
 23180 | Gauntlet | Found a transporter.
 23180 | Gauntlet | Found a transporter.
 23423 | Gauntlet | Found a transporter.
 23424 | Gauntlet | Found a transporter.
 23439 | Gauntlet | Found a transporter.
 23447 | Gauntlet | Found a transporter.
 23451 | Gauntlet | Found a transporter.
 23459 | Gauntlet | Found a transporter.
 23478 | Gauntlet | Found a transporter.
 23489 | Gauntlet | Found a transporter.
 23493 | Gauntlet | Found a transporter.
 23504 | Gauntlet | Found a transporter.
 23549 | Gauntlet | Identified the +5 chain mail of Gehenna {MP+9 Str+3 Int-4}
                  | (You found it in an ice cave)
 23866 | Gauntlet | Got an encrusted quarterstaff
 23867 | Gauntlet | Identified the cursed +1 quarterstaff of Beogh's Whim
                  | {speed, rPois Str+10 Dex-2} (You found it in a Gauntlet)
 23920 | Gauntlet | Got a shimmering cloak
 24221 | Gauntlet | Identified the ring "Itaburuu" {*Tele rN++ Will+++ Str-5
                  | Int-4}
 24235 | Gauntlet | Identified the Tome of Venom and Darkness
 24240 | Gauntlet | Got a dazzling tower shield
 24265 | Lair:5   | Identified the cursed -2 cloak of the Poles {Str+2} (You
                  | found it in a Gauntlet)
 24277 | Lair:5   | Identified the +5 tower shield of Demm {Int+2 Dex+4} (You
                  | found it in a Gauntlet)
 24419 | Lair:5   | Reached skill level 1 in Shields
 24909 | Lair:6   | Entered Level 6 of the Lair of Beasts
 25025 | Lair:6   | Reached XP level 15. HP: 64/143 MP: 21/21
 25260 | Lair:6   | Reached skill level 16 in Fighting
 25335 | Lair:6   | Reached skill level 5 in Shields
 26493 | Orc:1    | Entered Level 1 of the Orcish Mines
 26610 | D:13     | Found a portal to a secret trove of treasure.
 27096 | D:13     | Noticed Frances
 27123 | D:13     | Killed Frances
 28166 | D:15     | Entered Level 15 of the Dungeon
 28297 | D:15     | Found a staircase to the Depths.
 28683 | D:15     | Reached skill level 17 in Fighting
 29286 | D:14     | Found a runed translucent gate.
 29286 | D:14     | Found a runed translucent gate.
 29286 | D:14     | Found a runed translucent gate.
 29286 | D:14     | Noticed Axipewex's ghost (journeyman OgTm)
 29287 | D:14     | Noticed Uqorphet's ghost (journeyman DECj)
 29287 | D:14     | Noticed Wociock's ghost (journeyman DgWz)
 29287 | D:14     | Noticed Ficoysum's ghost (journeyman GnWn)
 29758 | D:14     | Found a sacrificial altar of Ru.
 29990 | D:14     | Found a gate to the Vaults.
 30167 | D:14     | Killed Axipewex's ghost
 30168 | D:14     | Reached XP level 16. HP: 113/155 MP: 22/22
 30171 | D:14     | Killed Uqorphet's ghost
 30183 | D:14     | Killed Ficoysum's ghost
 30189 | D:14     | Killed Wociock's ghost
 30770 | Orc:2    | Entered Level 2 of the Orcish Mines
 31269 | Orc:2    | Found a staircase to the Elven Halls.
 31355 | Orc:2    | Reached skill level 10 in Shields
 31621 | Orc:2    | Found Lurcha Lei's Antique Armour Shoppe.
 31622 | Orc:2    | Found Zakleo Xaer's Antique Weapon Shoppe.
 31624 | Orc:2    | Found Haig's General Store.
 31624 | Orc:2    | Found Etwab's Jewellery Emporium.
 32047 | Orc:2    | Bought a heavily runed ring mail for 279 gold pieces
 32057 | Orc:2    | Identified the +3 ring mail of the Armadillo {*Slow rPois
                  | Slay+2} (You bought it in a shop on level 2 of the Orcish
                  | Mines)
 32143 | D:10     | Bought the ring "Pucvele" {*Slow rC++ rN+ Slay+6} for 833
                  | gold pieces
 32274 | Snake:1  | Entered Level 1 of the Snake Pit
 32406 | Snake:1  | Reached skill level 18 in Fighting
 33815 | Snake:2  | Found Nociweeg's Book Boutique.
 33881 | Snake:2  | Found Poysmif's Assorted Antiques.
 34218 | Snake:2  | Found Garphy's Distillery.
 34389 | Snake:2  | Found Miph's Assorted Antiques.
 34420 | Snake:2  | Found Wourph's Antique Weapon Emporium.
 35163 | Snake:3  | Reached XP level 17. HP: 166/166 MP: 23/23
 35198 | Snake:3  | Noticed Mara
 35212 | Snake:3  | Noticed Amplified's illusion
 35278 | Snake:3  | Identified the +10 battleaxe of Arbitration {freeze, rPois
                  | Str+3 Int+4}
 35302 | Snake:3  | Noticed Amplified's illusion
 35323 | Snake:3  | Killed Mara
 35324 | Snake:3  | Reached skill level 19 in Fighting
 36019 | Snake:3  | Found a shimmering altar of Xom.
 36221 | Snake:4  | Entered Level 4 of the Snake Pit
 37941 | Snake:4  | Got a serpentine rune of Zot
 38729 | Shoals:1 | Entered Level 1 of the Shoals
 38967 | Shoals:1 | Reached XP level 18. HP: 98/178 MP: 24/24
 39296 | Shoals:1 | Reached skill level 5 in Dodging
 39920 | Shoals:2 | Reached skill level 5 in Armour
 40147 | Shoals:2 | Reached skill level 20 in Fighting
 40335 | Shoals:2 | Found Cusydeoh's Gadget Shop.
 41659 | Shoals:4 | Entered Level 4 of the Shoals
 42311 | Shoals:4 | Identified the +2 battleaxe "Dixkihe" {venom, *Contam rN+
                  | Str+4 Int+2}
 42467 | Shoals:4 | Noticed Roxanne
 42488 | Shoals:4 | Killed Roxanne
 43284 | Shoals:4 | Reached skill level 15 in Shields
 43493 | Shoals:4 | Got a barnacled rune of Zot
 44026 | Vaults:1 | Entered Level 1 of the Vaults
 44196 | Vaults:1 | Reached XP level 19. HP: 183/187 MP: 25/25
 44700 | Vaults:1 | Found Zomyc's Gadget Shoppe.
 44765 | Vaults:1 | Reached skill level 1 in Evocations
 46737 | Vaults:2 | Slain by a deep troll

Illustrated notes

Levels and vault maps discovered:
D:1:      psy_arrival_spokes, layout_basic, minmay_misc_feat_rows,
          minmay_misc_feat_doors, amcnicky_mini_pool_small
D:2:      layout_loops_ring, old_standard_altar, uniq_robin
D:3:      minmay_diamond_boxcup, layout_loops_cross, minmay_fractal_squares_5
D:4:      layout_loops_ring, nemelex_xobeh_ov_fountains_minmay,
          amethyst_overflow_temple_binary, uniq_grinder
D:5:      layout_cave_pools, serial_shops, shop_fountains, uniq_blork_the_orc
D:6:      layout_gridville, fedhas_ov_isle_minmay
D:7:      minmay_the_grid_square_5x5_3x3 [minmay_the_grid_square_5x5_minimal,
          minmay_the_grid_square_5x5_broken_cross,
          minmay_the_grid_square_5x5_checkered_statues,
          minmay_the_grid_square_5x5_shuriken,
          minmay_the_grid_square_5x5_megaprize_checkered,
          minmay_the_grid_square_5x5_tri_point, minmay_the_grid_square_5x5_mess,
          minmay_the_grid_square_5x5_checkered,
          minmay_the_grid_square_5x5_eight_small], layout_rooms,
          nicolae_gozag_zags_fifth_avenue, minmay_temple_entry_mini_moons,
          serial_bayou_pond_a
D:8:      layout_loops_ring, general_overflow_altar, lemuel_round_altar,
          serial_bayou_crossing
D:9:      layout_loops_ring, kennysheep_little_box, erik_lair_island,
          david_orc_5, nicolae_qazlal_eye_of_the_storm, uniq_gastronok,
          uniq_maurice
D:10:     layout_cave_pods, serial_shops, shop, kennysheep_pointless_box,
          kennysheep_generic_room_13
D:11:     layout_basic, uniq_erolcha
D:12:     minmay_diamond_stairs, layout_rooms, uniq_azrael, uniq_sonja
D:13:     layout_stronghold, enter_trove_1, nrook_guardian_serpent_double,
          uniq_frances
D:14:     layout_basic, skrybe_vaults_entry_preservation,
          nicolae_ru_the_path_less_chosen, gammafunk_ghost_cemetery
D:15:     gammafunk_depths_entry_grave, layout_layer_cave,
          wad_floor_pattern_untrapped, serial_park_tiny_pond,
          hangedman_decor_peaks_small
Lair:1:   layout_regular_city, guppyfry_lair_drakes, grunt_megastairs_5,
          lemuel_fruit_fields, infiniplex_staircase_pool_2, lemuel_fruit_fields,
          uniq_urug
Lair:2:   layout_loops_ring, lemuel_fruit_tree
Lair:3:   layout_cellular_growth, minmay_shoals_entry_centaurs,
          grunt_megastairs_4
Lair:4:   layout_small_grid, guppyfry_snake_entry_garden, ebering_ghost_xom,
          special_room [special_room_mythical_zoo], grunt_megastairs_2
Lair:5:   layout_hall_layers, slime_dummy, gauntlet_entry_generic,
          portal_ice_cave_entry_pillars_2
Lair:6:   evilmike_catoblepas_cave, layout_regular_city
Shoals:1: layout_shoals, nzn_prometheus_bound
Shoals:2: layout_shoals, serial_shops, shop_coins,
          nicolae_shoals_arrival_archipelago
Shoals:3: layout_shoals, nicolae_shoals_square_sea_wall
Shoals:4: shoals_end_grunt_ice, layout_shoals, uniq_roxanne
Snake:1:  layout_cave_shapes, nicolae_snake_biting_tails, grunt_ministairs_14,
          nicolae_snake_salamander_stairs
Snake:2:  layout_misc_corridors, serial_shops, nicolae_shop_crystal, shop,
          nicolae_shop_behind_doors, shop, shop, corexii_hall_statues_x,
          serial_bayou_shore_a
Snake:3:  layout_rooms, basic_altar, uniq_mara
Snake:4:  snake_pit, layout_cave_town, grunt_megastairs_1
Orc:1:    layout_caves
Orc:2:    st_orc_congregation, layout_diamond_mine
Vaults:1: vaults_room_door_ring, nicolae_vaults_c_with_doors,
          nicolae_vaults_yaktaur_gun_rack, vaults_room_fancy_cross,
          ontoclasm_vaults_eye, nicolae_vaults_diagonal_hallway_7,
          vaults_room_corners, nicolae_vaults_mini_display_case,
          nicolae_vaults_alarming, layout_vaults_omnigrid, serial_shops, shop
Vaults:2: nicolae_vaults_little_squares_2, ontoclasm_vaults_pinch, v_pattern_3,
          ontoclasm_vaults_shuriken, hangedman_vaults_nails, grunt_vaults_swirl,
          ontoclasm_vaults_gateway, vaults_dpeg_spiral, hangedman_vaults_stream,
          hangedman_vaults_trim, vaults_room_pool, v_alt_pattern_4,
          dpeg_vaults_monster_box, layout_vaults_ring, serial_shops, shop,
          basic_altar

Skill      XL: |  1  2  3  4  5  6  7  8  9 10 11 12 13 14 15 16 17 18 19 |
---------------+----------------------------------------------------------+-----
Dodging        | 2 4 7 9 |  9.5
Fighting       | 1 2 3 4 5 7 9 11 12 14 15 17 18 19 20 | 20.8
Earth Magic    | 3 |  3.3
Armour         | 1 4 7 9 |  9.3
Slings         | 1 |  1.5
Maces & Flails | 1 3 5 7 9 10 12 14 15 16 | 16.1
Shields        | 4 9 12 14 15 | 15.1
Evocations     | 4 |  4.9
Stealth        | |  1.7
Spellcasting   | |  1.7
Transmutations | |  0.8

Action                   |  1- 3 |  4- 6 |  7- 9 | 10-12 | 13-15 | 16-18 | 19-21 || total
-------------------------+-------+-------+-------+-------+-------+-------+-------++-------
Melee: Morningstar       |       |   100 |   475 |   736 |  1351 |  2208 |   529 ||  5399
 Fire: Hunting sling     |   194 |    54 |       |       |       |       |       ||   248
Throw: Throwing net      |       |     3 |       |       |     2 |       |       ||     5
       Dart              |       |       |     1 |       |       |     1 |     1 ||     3
Evoke: Wand              |       |       |     2 |    20 |    25 |     5 |       ||    52
       Tin of tremorston |       |       |       |     3 |     3 |     7 |     4 ||    17
       Condenser vane    |       |       |       |       |     2 |     6 |     3 ||    11
       Phantom mirror    |       |       |       |       |     1 |     1 |       ||     2
  Use: Scroll            |     5 |     3 |    14 |    14 |    29 |    13 |     4 ||    82
       Potion            |     2 |     3 |     3 |     5 |    22 |     7 |     3 ||    45
 Stab: Sleeping          |       |     3 |       |     1 |     4 |     2 |     1 ||    11
       Held in net/web   |       |     1 |       |       |     4 |       |       ||     5
       Paralysed         |       |       |       |     6 |       |       |       ||     6
       Invisible         |       |       |       |       |     2 |       |       ||     2
       Petrified         |       |       |       |       |     5 |       |       ||     5
       Confused          |       |       |       |       |       |     9 |     5 ||    14
       Distracted        |       |       |       |       |       |     1 |       ||     1
Armor: Ring mail         |    42 |    62 |    14 |       |       |   420 |   112 ||   650
       Fire dragon scale |       |       |   296 |   254 |   206 |       |       ||   756
       Chain mail        |       |       |    22 |       |    53 |       |       ||    75
       Ice dragon scales |       |       |       |       |   260 |    40 |       ||   300
       Skin              |       |       |       |       |     3 |       |       ||     3
Dodge: Dodged            |    58 |    70 |   315 |   295 |   413 |   540 |   209 ||  1900
Block: Other             |    25 |    35 |   165 |   132 |   129 |       |       ||   486
       Reflection        |       |       |     6 |     6 |    17 |   212 |    47 ||   288
       Kite shield       |       |       |       |       |   533 |  1943 |   560 ||  3036
